Knights vs Griffins
Created - April 14, 2019 at 19:36
Goals
|
Knights |
4 |
0 |
0 |
4 |
Griffins |
1 |
0 |
1 |
2 |
|
Shots
|
Knights |
13 |
9 |
10 |
32 |
Griffins |
12 |
9 |
4 |
25 |
|
1st period
1. Knights , Oscar Klefbom 8 (Michael Raffl 45, Noel Acciari 79) at 6:44 (PP)
2. Knights , Noel Acciari 40 (Jaccob Slavin 47) at 9:40
3. Knights , Michael Raffl 42 (Oscar Klefbom 17, Josh Bailey 40) at 11:29
4. Knights , Linden Vey 24 (Oscar Klefbom 18, Tomas Kundratek 41) at 13:15
5. Griffins , Ben Hanowski 37 (Quinton Howden 23, Nathan Gerbe 43) at 14:00
Penalties :
Petter Granberg (Cap) for Boarding (Minor) at 6:28, Ludwig Bystrom (Lon) for Hooking (Minor) at 14:03
2nd period
No Goal
Penalties :
Ty Wishart (Cap) for Hooking (Minor) at 8:27, Tye McGinn (Cap) for Elbowing (Minor) at 18:59
3rd period
6. Griffins , Connor Brown 32 (Tye McGinn 57) at 7:40
Penalties :
Josh Bailey (Lon) for Holding (Minor) at 8:02, Quinton Howden (Cap) for High sticking (Minor) at 10:29
Goalie Stats
Ben Scrivens (Lon), 23 saves from 25 shots - (0.920), W, 27-14-5, 60:00 minutes
Olivier Roy (Cap), 28 saves from 32 shots - (0.875), L, 13-15-2, 60:00 minutes
Players Stats for Knights
Player Name G A P +/- PIM S H SB GA TA FO MP PP MP PK MP
------------------------------------------------------------------------------------
Boone Jenner 0 0 0 0 0 0 0 0 1 2 4/7 15:17 2:55 1:08
Brandon Saad 0 0 0 1 0 1 2 0 0 0 0/0 14:08 0:00 0:47
Brendan Gaunce 0 0 0 0 0 4 0 0 0 0 3/5 9:05 0:00 0:10
Brett Connolly 0 0 0 0 0 2 2 0 0 0 0/0 10:42 0:00 0:00
Collin Miller 0 0 0 0 0 1 1 0 0 0 0/0 13:31 0:00 0:00
Jaccob Slavin 0 1 1 0 0 2 1 0 0 2 0/0 23:22 3:37 1:26
Jordan Martinook 0 0 0 0 0 1 1 0 0 0 0/0 10:53 0:00 0:00
Josh Bailey 0 1 1 0 2 2 4 0 1 0 0/1 19:54 2:46 0:25
Linden Vey 1 0 1 1 0 4 1 1 0 0 1/2 16:06 3:18 0:00
Ludwig Bystrom 0 0 0 0 2 0 1 0 0 2 0/0 13:36 0:00 0:00
Michael Matheson 0 0 0 -1 0 0 1 0 0 1 0/0 21:32 2:36 2:32
Michael Raffl 1 1 2 0 0 1 3 0 0 0 0/3 22:07 3:18 2:11
Miro Aaltonen 0 0 0 1 0 1 1 1 0 0 1/6 16:32 2:55 1:00
Nicklas Jensen 0 0 0 0 0 1 1 0 0 0 0/0 9:30 0:09 0:00
Noel Acciari 1 1 2 0 0 5 1 1 1 1 16/30 22:33 3:18 2:15
Oscar Klefbom 1 2 3 2 0 5 1 0 0 1 0/0 24:57 3:37 1:26
Tomas Kundratek 0 1 1 1 0 1 3 2 1 0 0/0 23:26 2:36 2:32
Vince Hinostroza 0 0 0 0 0 1 1 0 0 0 0/0 8:49 0:00 0:00
Players Stats for Griffins
Player Name G A P +/- PIM S H SB GA TA FO MP PP MP PK MP
------------------------------------------------------------------------------------
Anton Slepyshev 0 0 0 1 0 0 1 0 0 0 1/1 11:15 0:00 0:00
Ben Hanowski 1 0 1 1 0 3 1 0 0 1 1/2 15:24 0:00 3:32
Bryan Young 0 0 0 0 0 1 1 2 0 0 0/0 22:30 0:00 3:46
Connor Brown 1 0 1 -2 0 3 0 0 1 0 0/1 16:28 1:42 0:00
J.T. Brown 0 0 0 0 0 1 0 0 3 1 1/2 9:33 0:02 1:20
Jamie Arniel 0 0 0 -2 0 2 1 1 0 0 13/21 19:33 1:42 3:37
Keith Seabrook 0 0 0 -1 0 0 0 1 0 0 0/0 17:26 1:42 0:00
Mark Jankowski 0 0 0 0 0 0 0 0 0 0 0/2 9:08 0:00 0:21
Marko Dano 0 0 0 0 0 1 2 0 0 0 8/18 17:29 2:16 0:00
Nathan Gerbe 0 1 1 0 0 5 2 1 0 0 1/1 17:56 2:16 0:20
Nathan Oystrick 0 0 0 -1 0 0 3 1 0 0 0/0 18:57 0:00 2:27
Petr Pohl 0 0 0 0 0 4 1 0 0 0 0/1 19:10 2:16 1:39
Petter Granberg 0 0 0 0 2 1 2 1 0 1 0/0 18:15 2:16 1:07
Quinton Howden 0 1 1 1 2 1 1 0 0 0 3/4 11:45 0:00 0:00
Robert Dome 0 0 0 0 0 1 0 0 1 0 0/0 8:07 0:00 0:00
Simon Despres 0 0 0 0 0 0 3 3 2 1 0/0 23:53 2:16 2:27
Ty Wishart 0 0 0 0 2 0 1 2 0 0 0/0 19:01 1:42 2:39
Tye McGinn 0 1 1 -2 2 2 2 0 2 0 1/1 17:53 1:40 1:37
3 Stars
1 - Oscar Klefbom (Lon)
2 - Michael Raffl (Lon)
3 - Noel Acciari (Lon)
Power Play
Knights - 1 on 4 Attempt(s) - 25.00%
Griffins - 0 on 2 Attempt(s) - 0.00%
Penalty Kill
Knights - 2 on 2 Attempt(s) - 100.00%
- Score 0 goal in Penalty Kill
Griffins - 3 on 4 Attempt(s) - 75.00%
- Score 0 goal in Penalty Kill
Team Stat
Knights - Hits : 25 - Faceoff Wins : 25 - Blocked Shots : 5 - Penalty Minutes : 4
Griffins - Hits : 21 - Faceoff Wins : 29 - Blocked Shots : 12 - Penalty Minutes : 8
Official
Referees : Unknown
Linesman : Unknown
Game Notes
14:43 of 3rd period - Griffins goal is going for a video replay. After video review, No Goal. The goalkeeper has been pushed into the net together with the puck after making a save.
Finance
Level 1 -- Attendance: 1328 (66.40%) -- Ticket Income $46,480
Level 2 -- Attendance: 708 (70.80%) -- Ticket Income $14,160
Total Attendance: 2036 (67.87%)
Total Ticket Income: $60,640
Other Income: $3,032
Total Income: $63,672
Knights
5 vs 5 Forward
Center Left Wing Right Wing Time % Phy DF OF
1 Noel Acciari Michael Raffl Josh Bailey 40 1 2 2
2 Miro Aaltonen Brandon Saad Linden Vey 30 1 2 2
3 Boone Jenner Jordan Martinook Brett Connolly 20 1 2 2
4 Brendan Gaunce Vince Hinostroza Nicklas Jensen 10 1 2 2
5 vs 5 Defense
Defense Defense Time % Phy DF OF
1 Tomas Kundratek Oscar Klefbom 40 1 2 2
2 Michael Matheson Jaccob Slavin 30 1 2 2
3 Collin Miller Ludwig Bystrom 20 1 2 2
4 Oscar Klefbom Jaccob Slavin 10 1 2 2
PowerPlay Forward
Center Left Wing Right Wing Time % Phy DF OF
1 Noel Acciari Michael Raffl Linden Vey 60 1 1 3
2 Miro Aaltonen Boone Jenner Josh Bailey 40 1 1 3
PowerPlay Defense
Defense Defense Time % Phy DF OF
1 Jaccob Slavin Oscar Klefbom 60 0 1 4
2 Michael Matheson Tomas Kundratek 40 0 1 4
Penalty Kill 4 Players Forward
Center Wing Time % Phy DF OF
1 Noel Acciari Michael Raffl 60 1 3 1
2 Josh Bailey Miro Aaltonen 40 1 3 1
Penalty Kill 4 Players Defense
Defense Defense Time % Phy DF OF
1 Tomas Kundratek Michael Matheson 60 1 3 1
2 Oscar Klefbom Jaccob Slavin 40 1 3 1
Penalty Kill - 3 Players Forward
Forward Time % Phy DF OF
1 Michael Raffl 60 0 4 1
2 Noel Acciari 40 0 4 1
Penalty Kill - 3 Players Defense
Defense Defense Time % Phy DF OF
1 Tomas Kundratek Oscar Klefbom 60 1 3 1
2 Jaccob Slavin Michael Matheson 40 1 3 1
4 vs 4 Forward
Center Wing Time % Phy DF OF
1 Miro Aaltonen Josh Bailey 60 1 2 2
2 Noel Acciari Michael Raffl 40 1 2 2
4 vs 4 Defense
Defense Defense Time % Phy DF OF
1 Tomas Kundratek Michael Matheson 60 1 2 2
2 Oscar Klefbom Jaccob Slavin 40 1 2 2
Last Minutes Offensive
Center Left Wing Right Wing Defense Defense
Noel Acciari Michael Raffl Josh Bailey Jaccob Slavin Oscar Klefbom
Last Minutes Defensive
Center Left Wing Right Wing Defense Defense
Noel Acciari Michael Raffl Josh Bailey Tomas Kundratek Jaccob Slavin
Goaltenders
Starting : Ben Scrivens
Backup : Magnus Hellberg
Extra Forwards
Normal : Noel Acciari, Linden Vey, Michael Raffl - PP : Josh Bailey, Michael Raffl - PK : Michael Raffl
Extra Defensemen
Normal : Jaccob Slavin, Tomas Kundratek, Collin Miller - PP : Jaccob Slavin - PK : Jaccob Slavin, Tomas Kundratek
Penalty Shots
Michael Raffl, Boone Jenner, Josh Bailey, Noel Acciari, Linden Vey
Scratches
Zach Nastasiuk (Healthy), Jonathan Huberdeau (Torn Left MCL Injury), Cody Bass (Healthy), Alan Quine (Healthy), David Shields (Healthy)
Matthew Benning (Healthy), Trevor Moore (Healthy), Scott Wilson (Healthy), Curtis Valk (Healthy), Anthony Louis (Healthy)
Travis Boyd (Healthy), Nicolas Petan (Healthy), Zach Trotman (Left Forearm Injury), Fredrik Claesson (Healthy), Anton Blidh (Healthy)
Pavel Buchnevich (Bruised Left Shoulder Injury), A.J. Jenks (Healthy), Connor Knapp (Healthy), Eamon McAdam (Healthy), Philippe Desrosiers (Healthy)
Ville Husso (Healthy)
Griffins
5 vs 5 Forward
Center Left Wing Right Wing Time % Phy DF OF
1 Marko Dano Nathan Gerbe Petr Pohl 35 0 2 3
2 Jamie Arniel Tye McGinn Connor Brown 35 0 2 3
3 Quinton Howden Anton Slepyshev Ben Hanowski 20 0 2 3
4 Mark Jankowski Robert Dome J.T. Brown 10 0 2 3
5 vs 5 Defense
Defense Defense Time % Phy DF OF
1 Simon Despres Bryan Young 40 0 2 3
2 Petter Granberg Ty Wishart 30 0 3 2
3 Nathan Oystrick Keith Seabrook 20 0 3 2
4 Nathan Oystrick Keith Seabrook 10 1 2 2
PowerPlay Forward
Center Left Wing Right Wing Time % Phy DF OF
1 Marko Dano Nathan Gerbe Petr Pohl 60 0 1 4
2 Jamie Arniel Tye McGinn Connor Brown 40 0 1 4
PowerPlay Defense
Defense Defense Time % Phy DF OF
1 Petter Granberg Simon Despres 60 0 1 4
2 Ty Wishart Keith Seabrook 40 0 1 4
Penalty Kill 4 Players Forward
Center Wing Time % Phy DF OF
1 Jamie Arniel Ben Hanowski 60 1 2 2
2 Tye McGinn J.T. Brown 40 1 2 2
Penalty Kill 4 Players Defense
Defense Defense Time % Phy DF OF
1 Ty Wishart Bryan Young 60 1 2 2
2 Nathan Oystrick Simon Despres 40 1 2 2
Penalty Kill - 3 Players Forward
Forward Time % Phy DF OF
1 J.T. Brown 60 1 2 2
2 Jamie Arniel 40 1 2 2
Penalty Kill - 3 Players Defense
Defense Defense Time % Phy DF OF
1 Simon Despres Bryan Young 60 1 2 2
2 Nathan Oystrick Simon Despres 40 1 2 2
4 vs 4 Forward
Center Wing Time % Phy DF OF
1 Marko Dano Petr Pohl 50 1 2 2
2 Jamie Arniel Connor Brown 50 1 2 2
4 vs 4 Defense
Defense Defense Time % Phy DF OF
1 Simon Despres Keith Seabrook 60 1 2 2
2 Petter Granberg Nathan Oystrick 40 1 2 2
Last Minutes Offensive
Center Left Wing Right Wing Defense Defense
Marko Dano Nathan Gerbe Connor Brown Petr Pohl Jamie Arniel
Last Minutes Defensive
Center Left Wing Right Wing Defense Defense
Ben Hanowski Tye McGinn J.T. Brown Bryan Young Nathan Oystrick
Goaltenders
Starting : Olivier Roy
Backup : Jean-Francois Berube
Extra Forwards
Normal : Petr Pohl, Connor Brown, Marko Dano - PP : J.T. Brown, Anton Slepyshev - PK : Petr Pohl
Extra Defensemen
Normal : Simon Despres, Petter Granberg, Nathan Oystrick - PP : Bryan Young - PK : Petter Granberg, Ty Wishart
Penalty Shots
Nathan Gerbe, Jamie Arniel, Marko Dano, Robert Dome, Petr Pohl
Scratches
Vladislav Namestnikov (Healthy), Garrett Wilson (Healthy), Tanner Kero (Healthy), Greg McKegg (Healthy), Brendan Woods (Healthy)
Jerome Gauthier-Leduc (Healthy), Nicholas Baptiste (Healthy), Konrad Abeltshauser (Healthy), Tomas Hyka (Healthy), Brian Hart (Healthy)
Mirco Mueller (Healthy), Ian McCoshen (Healthy), Marcus Hogberg (Healthy), Matt Tomkins (Healthy)
% Time on Ice - Knights
Lines # - Real PCT - Wanted PCT - Time Play
Normal Forward
1 - 35% - 40% - 17:35
2 - 26% - 30% - 12:43
3 - 21% - 20% - 10:42
4 - 18% - 10% - 8:49
Normal Defense
1 - 39% - 40% - 19:21
2 - 31% - 30% - 15:20
3 - 26% - 20% - 13:12
4 - 4% - 10% - 1:56
PP Forward
1 - 53% - 60% - 3:18
2 - 47% - 40% - 2:55
PP Defense
1 - 58% - 60% - 3:37
2 - 42% - 40% - 2:36
PK Forward
1 - 75% - 60% - 2:58
2 - 25% - 40% - 1:00
PK Defense
1 - 64% - 60% - 2:32
2 - 36% - 40% - 1:26
PK3 Forward
1 - 0% - 60%
2 - 0% - 40%
PK3 Defense
1 - 0% - 60%
2 - 0% - 40%
44 Forward
1 - 0% - 60%
2 - 0% - 40%
44 Defense
1 - 0% - 60%
2 - 0% - 40%
Last Minute Offensive - 0:00
Last Minute Defensive - 0:00
Total
Forward - 60:00
Defense - 60:00
|
% Time on Ice - Griffins
Lines # - Real PCT - Wanted PCT - Time Play
Normal Forward
1 - 33% - 35% - 16:23
2 - 28% - 35% - 14:04
3 - 23% - 20% - 11:15
4 - 16% - 10% - 8:07
Normal Defense
1 - 36% - 40% - 18:04
2 - 33% - 30% - 16:18
3 - 21% - 20% - 10:32
4 - 10% - 10% - 4:55
PP Forward
1 - 57% - 60% - 2:16
2 - 43% - 40% - 1:42
PP Defense
1 - 57% - 60% - 2:16
2 - 43% - 40% - 1:42
PK Forward
1 - 79% - 60% - 4:53
2 - 21% - 40% - 1:20
PK Defense
1 - 61% - 60% - 3:46
2 - 39% - 40% - 2:27
PK3 Forward
1 - 0% - 60%
2 - 0% - 40%
PK3 Defense
1 - 0% - 60%
2 - 0% - 40%
44 Forward
1 - 0% - 50%
2 - 0% - 50%
44 Defense
1 - 0% - 60%
2 - 0% - 40%
Last Minute Offensive - 0:00
Last Minute Defensive - 0:00
Total
Forward - 60:00
Defense - 60:00
|
Play-by-Play
1st period
0:01 of 1st period - Noel Acciari wins face-off versus Marko Dano in neutral zone.
0:10 of 1st period - Backhand shot by Noel Acciari.
0:10 of 1st period - Shot Blocked by Nathan Gerbe.
0:12 of 1st period - Slapshot by Noel Acciari.
0:12 of 1st period - Shot Blocked by Simon Despres.
0:14 of 1st period - Snap shot by Noel Acciari.
0:14 of 1st period - Shot Blocked by Bryan Young.
0:16 of 1st period - Snap shot by Josh Bailey.
0:16 of 1st period - Shot Misses the Net.
0:26 of 1st period - Brandon Saad is hit by Jamie Arniel.
0:52 of 1st period - Bryan Young is hit by Jordan Martinook and loses puck.
1:07 of 1st period - Slapshot by Jaccob Slavin.
1:07 of 1st period - Stopped by Olivier Roy with a rebound.
1:17 of 1st period - Snap shot by Vince Hinostroza.
1:17 of 1st period - Stopped by Olivier Roy with a rebound.
1:52 of 1st period - Snap shot by Miro Aaltonen.
1:52 of 1st period - Stopped by Olivier Roy with a rebound.
2:03 of 1st period - Keith Seabrook is hit by Brandon Saad and loses puck.
2:36 of 1st period - Simon Despres is hit by Josh Bailey and loses puck.
2:59 of 1st period - Snap shot by Nathan Gerbe.
2:59 of 1st period - Stopped by Ben Scrivens without a rebound.
3:00 of 1st period - Brendan Gaunce wins face-off versus Jamie Arniel in Knights zone.
3:11 of 1st period - Snap shot by Jamie Arniel.
3:11 of 1st period - Stopped by Ben Scrivens without a rebound.
3:12 of 1st period - Jamie Arniel wins face-off versus Noel Acciari in Knights zone.
3:13 of 1st period - Snap shot by Connor Brown.
3:13 of 1st period - Deflect By Tye McGinn.
3:13 of 1st period - Stopped by Ben Scrivens with a rebound.
3:27 of 1st period - Wrist shot by Noel Acciari.
3:27 of 1st period - Stopped by Olivier Roy without a rebound.
3:28 of 1st period - Nathan Gerbe wins face-off versus Miro Aaltonen in Griffins zone.
3:49 of 1st period - Brandon Saad is hit by Petr Pohl and loses puck.
4:17 of 1st period - Off-side.
4:18 of 1st period - Jamie Arniel wins face-off versus Noel Acciari in neutral zone.
4:20 of 1st period - Off-side.
4:21 of 1st period - Jamie Arniel wins face-off versus Noel Acciari in neutral zone.
4:34 of 1st period - Slapshot by Connor Brown.
4:34 of 1st period - Stopped by Ben Scrivens without a rebound.
4:35 of 1st period - Quinton Howden wins face-off versus Michael Raffl in Knights zone.
4:46 of 1st period - Simon Despres is hit by Michael Raffl and loses puck.
5:01 of 1st period - Tomas Kundratek is hit by Tye McGinn and loses puck.
5:06 of 1st period - Wrist shot by Connor Brown.
5:06 of 1st period - Shot Misses the Net.
5:44 of 1st period - Off-side.
5:45 of 1st period - Noel Acciari wins face-off versus Mark Jankowski in neutral zone.
5:56 of 1st period - Backhand shot by Robert Dome.
5:56 of 1st period - Shot Misses the Net.
6:08 of 1st period - Wrist shot by J.T. Brown.
6:08 of 1st period - Shot Blocked by Noel Acciari.
6:10 of 1st period - Slapshot by Petter Granberg.
6:10 of 1st period - Stopped by Ben Scrivens without a rebound.
6:11 of 1st period - Jamie Arniel wins face-off versus Boone Jenner in Knights zone.
6:26 of 1st period - Wrist shot by Oscar Klefbom.
6:26 of 1st period - Shot Misses the Net.
6:28 of 1st period - Minor Penalty to Petter Granberg for Boarding.
6:29 of 1st period - Noel Acciari wins face-off versus Jamie Arniel in Griffins zone.
6:32 of 1st period - Snap shot by Linden Vey.
6:32 of 1st period - Shot Misses the Net.
6:44 of 1st period - Snap shot by Oscar Klefbom.
6:44 of 1st period - Goal by Oscar Klefbom - Knights : 1 - Griffins : 0.
6:45 of 1st period - Noel Acciari wins face-off versus Jamie Arniel in neutral zone.
7:13 of 1st period - Linden Vey is hit by Simon Despres and loses puck.
8:06 of 1st period - Off-side.
8:07 of 1st period - Jamie Arniel wins face-off versus Michael Raffl in neutral zone.
8:32 of 1st period - Michael Matheson is hit by Nathan Gerbe and loses puck.
9:17 of 1st period - Ty Wishart is hit by Tomas Kundratek and loses puck.
9:36 of 1st period - Ty Wishart is hit by Josh Bailey.
9:40 of 1st period - Snap shot by Noel Acciari.
9:40 of 1st period - Goal by Noel Acciari - Knights : 2 - Griffins : 0.
9:41 of 1st period - Marko Dano wins face-off versus Noel Acciari in neutral zone.
9:48 of 1st period - Snap shot by Petr Pohl.
9:48 of 1st period - Stopped by Ben Scrivens with a rebound.
10:28 of 1st period - Keith Seabrook is hit by Brett Connolly and loses puck.
10:51 of 1st period - Snap shot by J.T. Brown.
10:51 of 1st period - Deflect By Robert Dome.
10:51 of 1st period - Stopped by Ben Scrivens without a rebound.
10:52 of 1st period - Marko Dano wins face-off versus Brendan Gaunce in Knights zone.
11:03 of 1st period - Snap shot by Petr Pohl.
11:03 of 1st period - Stopped by Ben Scrivens without a rebound.
11:04 of 1st period - Noel Acciari wins face-off versus Marko Dano in Knights zone.
11:17 of 1st period - Wrist shot by Josh Bailey.
11:17 of 1st period - Deflect By Noel Acciari.
11:17 of 1st period - Shot Misses the Net.
11:17 of 1st period - Puck is out of play.
11:18 of 1st period - Jamie Arniel wins face-off versus Michael Raffl in Griffins zone.
11:25 of 1st period - Snap shot by Josh Bailey.
11:25 of 1st period - Stopped by Olivier Roy with a rebound.
11:27 of 1st period - Slapshot by Oscar Klefbom.
11:27 of 1st period - Shot Blocked by Simon Despres.
11:29 of 1st period - Snap shot by Michael Raffl.
11:29 of 1st period - Goal by Michael Raffl - Knights : 3 - Griffins : 0.
11:30 of 1st period - Marko Dano wins face-off versus Josh Bailey in neutral zone.
11:39 of 1st period - Snap shot by Nathan Gerbe.
11:39 of 1st period - Stopped by Ben Scrivens with a rebound.
13:05 of 1st period - Snap shot by Brandon Saad.
13:05 of 1st period - Shot Blocked by Keith Seabrook.
13:07 of 1st period - Slapshot by Oscar Klefbom.
13:07 of 1st period - Deflect By Nathan Oystrick.
13:07 of 1st period - Stopped by Olivier Roy with a rebound.
13:09 of 1st period - Slapshot by Oscar Klefbom.
13:09 of 1st period - Stopped by Olivier Roy with a rebound.
13:11 of 1st period - Snap shot by Miro Aaltonen.
13:11 of 1st period - Shot Blocked by Jamie Arniel.
13:13 of 1st period - Slapshot by Tomas Kundratek.
13:13 of 1st period - Stopped by Olivier Roy with a rebound.
13:15 of 1st period - Slapshot by Oscar Klefbom.
13:15 of 1st period - Deflect By Linden Vey.
13:15 of 1st period - Goal by Linden Vey - Knights : 4 - Griffins : 0.
13:16 of 1st period - Marko Dano wins face-off versus Noel Acciari in neutral zone.
13:26 of 1st period - Wrist shot by Noel Acciari.
13:26 of 1st period - Deflect By Petr Pohl.
13:26 of 1st period - Shot Misses the Net.
13:26 of 1st period - Puck is out of play.
13:27 of 1st period - Boone Jenner wins face-off versus Marko Dano in Griffins zone.
14:00 of 1st period - Wrist shot by Quinton Howden.
14:00 of 1st period - Deflect By Ben Hanowski.
14:00 of 1st period - Goal by Ben Hanowski - Knights : 4 - Griffins : 1.
14:01 of 1st period - Noel Acciari wins face-off versus Marko Dano in neutral zone.
14:03 of 1st period - Minor Penalty to Ludwig Bystrom for Hooking.
14:04 of 1st period - Marko Dano wins face-off versus Noel Acciari in Knights zone.
14:12 of 1st period - Wrist shot by Nathan Gerbe.
14:12 of 1st period - Stopped by Ben Scrivens without a rebound.
14:13 of 1st period - Noel Acciari wins face-off versus Petr Pohl in Knights zone.
14:24 of 1st period - Snap shot by Petr Pohl.
14:24 of 1st period - Shot Misses the Net.
14:50 of 1st period - Snap shot by Nathan Gerbe.
14:50 of 1st period - Stopped by Ben Scrivens without a rebound.
14:51 of 1st period - Noel Acciari wins face-off versus Jamie Arniel in Knights zone.
15:06 of 1st period - Snap shot by Connor Brown.
15:06 of 1st period - Shot Misses the Net.
16:03 of 1st period - Penalty to Ludwig Bystrom is over, Ludwig Bystrom is back on ice.
16:16 of 1st period - Wrist shot by Brandon Saad.
16:16 of 1st period - Deflect By Simon Despres.
16:16 of 1st period - Stopped by Olivier Roy with a rebound.
17:06 of 1st period - Keith Seabrook is hit by Michael Raffl and loses puck.
17:58 of 1st period - Off-side.
17:59 of 1st period - Boone Jenner wins face-off versus Jamie Arniel in neutral zone.
18:06 of 1st period - Slapshot by Oscar Klefbom.
18:06 of 1st period - Shot Blocked by Bryan Young.
18:29 of 1st period - Slapshot by Nathan Gerbe.
18:29 of 1st period - Shot Misses the Net.
18:47 of 1st period - Petter Granberg is hit by Nicklas Jensen and loses puck.
19:20 of 1st period - Tye McGinn is hit by Linden Vey and loses puck.
19:26 of 1st period - Off-side.
19:27 of 1st period - Noel Acciari wins face-off versus Mark Jankowski in neutral zone.
19:55 of 1st period - Michael Matheson is hit by Marko Dano and loses puck.
Goals for this period are 4 for Knights vs 1 for Griffins.
Shots for this period are 13 for Knights vs 12 for Griffins.
2nd period
0:01 of 2nd period - Jamie Arniel wins face-off versus Noel Acciari in neutral zone.
0:12 of 2nd period - Snap shot by Tye McGinn.
0:12 of 2nd period - Stopped by Ben Scrivens without a rebound.
0:13 of 2nd period - Marko Dano wins face-off versus Miro Aaltonen in Knights zone.
0:22 of 2nd period - Snap shot by Nathan Gerbe.
0:22 of 2nd period - Stopped by Ben Scrivens with a rebound.
1:08 of 2nd period - Slapshot by Vince Hinostroza.
1:08 of 2nd period - Shot Blocked by Ty Wishart.
1:30 of 2nd period - Slapshot by Boone Jenner.
1:30 of 2nd period - Deflect By Jordan Martinook.
1:30 of 2nd period - Shot Misses the Net.
1:30 of 2nd period - Puck is out of play.
1:31 of 2nd period - Boone Jenner wins face-off versus Marko Dano in Griffins zone.
1:31 of 2nd period - Jaccob Slavin is hit by Nathan Oystrick and loses puck.
2:37 of 2nd period - Wrist shot by Brendan Gaunce.
2:37 of 2nd period - Deflect By Nicklas Jensen.
2:37 of 2nd period - Shot Blocked by Ty Wishart.
2:37 of 2nd period - Puck is out of play.
2:38 of 2nd period - Quinton Howden wins face-off versus Brendan Gaunce in Griffins zone.
2:42 of 2nd period - Off-side.
2:43 of 2nd period - Marko Dano wins face-off versus Noel Acciari in neutral zone.
2:45 of 2nd period - Off-side.
2:46 of 2nd period - Noel Acciari wins face-off versus Marko Dano in neutral zone.
2:49 of 2nd period - Simon Despres is hit by Josh Bailey.
3:11 of 2nd period - Wrist shot by Tye McGinn.
3:11 of 2nd period - Shot Blocked by Linden Vey.
3:13 of 2nd period - Snap shot by Jamie Arniel.
3:13 of 2nd period - Stopped by Ben Scrivens with a rebound.
3:15 of 2nd period - Slapshot by Tye McGinn.
3:15 of 2nd period - Deflect By Jamie Arniel.
3:15 of 2nd period - Shot Misses the Net.
3:15 of 2nd period - Puck is out of play.
3:16 of 2nd period - Jamie Arniel wins face-off versus Linden Vey in Knights zone.
3:19 of 2nd period - Wrist shot by Connor Brown.
3:19 of 2nd period - Stopped by Ben Scrivens with a rebound.
3:49 of 2nd period - Slapshot by Petr Pohl.
3:49 of 2nd period - Stopped by Ben Scrivens with a rebound.
3:51 of 2nd period - Slapshot by Petr Pohl.
3:51 of 2nd period - Stopped by Ben Scrivens without a rebound.
3:52 of 2nd period - Anton Slepyshev wins face-off versus Noel Acciari in Knights zone.
3:55 of 2nd period - Wrist shot by Ben Hanowski.
3:55 of 2nd period - Stopped by Ben Scrivens with a rebound.
4:19 of 2nd period - Tomas Kundratek is hit by Simon Despres.
4:44 of 2nd period - Wrist shot by Brendan Gaunce.
4:44 of 2nd period - Stopped by Olivier Roy with a rebound.
5:21 of 2nd period - Tomas Kundratek is hit by Petter Granberg and loses puck.
5:34 of 2nd period - Wrist shot by Brett Connolly.
5:34 of 2nd period - Shot Blocked by Petter Granberg.
5:50 of 2nd period - Ben Hanowski is hit by Josh Bailey and loses puck.
6:19 of 2nd period - Snap shot by Miro Aaltonen.
6:19 of 2nd period - Deflect By Linden Vey.
6:19 of 2nd period - Stopped by Olivier Roy with a rebound.
7:05 of 2nd period - Wrist shot by Michael Raffl.
7:05 of 2nd period - Shot Blocked by Nathan Oystrick.
7:23 of 2nd period - Snap shot by Linden Vey.
7:23 of 2nd period - Stopped by Olivier Roy without a rebound.
7:24 of 2nd period - Miro Aaltonen wins face-off versus Marko Dano in Griffins zone.
7:36 of 2nd period - Snap shot by Linden Vey.
7:36 of 2nd period - Stopped by Olivier Roy with a rebound.
7:46 of 2nd period - Connor Brown is hit by Collin Miller and loses puck.
8:27 of 2nd period - Minor Penalty to Ty Wishart for Hooking.
8:28 of 2nd period - Noel Acciari wins face-off versus Jamie Arniel in Griffins zone.
9:14 of 2nd period - Nathan Oystrick is hit by Miro Aaltonen and loses puck.
10:27 of 2nd period - Penalty to Ty Wishart is over, Ty Wishart is back on ice.
11:17 of 2nd period - Snap shot by Quinton Howden.
11:17 of 2nd period - Shot Misses the Net.
11:19 of 2nd period - Wrist shot by Marko Dano.
11:19 of 2nd period - Shot Misses the Net.
12:38 of 2nd period - Michael Matheson is hit by Ty Wishart and loses puck.
13:14 of 2nd period - Noel Acciari is hit by Nathan Gerbe and loses puck.
13:25 of 2nd period - Marko Dano is hit by Michael Matheson and loses puck.
13:38 of 2nd period - Marko Dano is hit by Tomas Kundratek and loses puck.
13:45 of 2nd period - Oscar Klefbom is hit by Nathan Oystrick and loses puck.
14:02 of 2nd period - Slapshot by Petr Pohl.
14:02 of 2nd period - Shot Blocked by Miro Aaltonen.
14:04 of 2nd period - Slapshot by Simon Despres.
14:04 of 2nd period - Shot Blocked by Tomas Kundratek.
14:06 of 2nd period - Slapshot by Ty Wishart.
14:06 of 2nd period - Shot Misses the Net.
14:08 of 2nd period - Slapshot by Petter Granberg.
14:08 of 2nd period - Deflect By Petr Pohl.
14:08 of 2nd period - Shot Misses the Net.
14:08 of 2nd period - Puck is out of play.
14:09 of 2nd period - Boone Jenner wins face-off versus Jamie Arniel in Knights zone.
14:20 of 2nd period - Connor Brown is hit by Ludwig Bystrom and loses puck.
14:44 of 2nd period - Slapshot by Ben Hanowski.
14:44 of 2nd period - Stopped by Ben Scrivens with a rebound.
14:46 of 2nd period - Slapshot by Bryan Young.
14:46 of 2nd period - Stopped by Ben Scrivens without a rebound.
14:47 of 2nd period - J.T. Brown wins face-off versus Noel Acciari in Knights zone.
14:59 of 2nd period - Off-side.
15:00 of 2nd period - Noel Acciari wins face-off versus Connor Brown in neutral zone.
15:12 of 2nd period - Snap shot by Noel Acciari.
15:12 of 2nd period - Stopped by Olivier Roy without a rebound.
15:13 of 2nd period - Jamie Arniel wins face-off versus Noel Acciari in Griffins zone.
15:26 of 2nd period - Snap shot by Tye McGinn.
15:26 of 2nd period - Shot Misses the Net.
15:28 of 2nd period - Slapshot by Jamie Arniel.
15:28 of 2nd period - Shot Misses the Net.
15:38 of 2nd period - Nathan Gerbe is hit by Brandon Saad and loses puck.
16:05 of 2nd period - Brett Connolly is hit by Quinton Howden and loses puck.
16:58 of 2nd period - Slapshot by Jaccob Slavin.
16:58 of 2nd period - Deflect By Bryan Young.
16:58 of 2nd period - Stopped by Olivier Roy without a rebound.
16:59 of 2nd period - Tye McGinn wins face-off versus Miro Aaltonen in Griffins zone.
17:26 of 2nd period - Simon Despres is hit by Tomas Kundratek and loses puck.
17:49 of 2nd period - Snap shot by Oscar Klefbom.
17:49 of 2nd period - Deflect By Ben Hanowski.
17:49 of 2nd period - Stopped by Olivier Roy without a rebound.
17:50 of 2nd period - Jamie Arniel wins face-off versus Noel Acciari in Griffins zone.
18:15 of 2nd period - Josh Bailey is hit by Anton Slepyshev and loses puck.
18:54 of 2nd period - Snap shot by Josh Bailey.
18:54 of 2nd period - Deflect By Keith Seabrook.
18:54 of 2nd period - Stopped by Olivier Roy with a rebound.
18:56 of 2nd period - Slapshot by Noel Acciari.
18:56 of 2nd period - Stopped by Olivier Roy without a rebound.
18:57 of 2nd period - Jamie Arniel wins face-off versus Miro Aaltonen in Griffins zone.
18:59 of 2nd period - Minor Penalty to Tye McGinn for Elbowing.
19:00 of 2nd period - Jamie Arniel wins face-off versus Boone Jenner in Griffins zone.
Goals for this period are 0 for Knights vs 0 for Griffins.
Shots for this period are 9 for Knights vs 9 for Griffins.
3rd period
0:01 of 3rd period - Ben Hanowski wins face-off versus Noel Acciari in neutral zone.
0:59 of 3rd period - Penalty to Tye McGinn is over, Tye McGinn is back on ice.
1:12 of 3rd period - Ludwig Bystrom is hit by Simon Despres and loses puck.
1:49 of 3rd period - Snap shot by Ben Hanowski.
1:49 of 3rd period - Deflect By Quinton Howden.
1:49 of 3rd period - Stopped by Ben Scrivens with a rebound.
2:15 of 3rd period - Snap shot by Marko Dano.
2:15 of 3rd period - Shot Misses the Net.
2:43 of 3rd period - Collin Miller is hit by Bryan Young and loses puck.
3:05 of 3rd period - Brandon Saad is hit by Marko Dano.
3:17 of 3rd period - Nathan Oystrick is hit by Vince Hinostroza and loses puck.
4:19 of 3rd period - Anton Slepyshev is hit by Oscar Klefbom and loses puck.
4:42 of 3rd period - Michael Raffl is hit by Petter Granberg and loses puck.
5:25 of 3rd period - Simon Despres is hit by Michael Raffl and loses puck.
5:32 of 3rd period - Oscar Klefbom is hit by Ben Hanowski and loses puck.
5:45 of 3rd period - Wrist shot by Brendan Gaunce.
5:45 of 3rd period - Stopped by Olivier Roy with a rebound.
5:47 of 3rd period - Slapshot by Oscar Klefbom.
5:47 of 3rd period - Stopped by Olivier Roy with a rebound.
5:57 of 3rd period - Marko Dano is hit by Brett Connolly.
6:01 of 3rd period - Petr Pohl is hit by Jaccob Slavin and loses puck.
6:11 of 3rd period - Icing by Marko Dano.
6:12 of 3rd period - Brendan Gaunce wins face-off versus J.T. Brown in Griffins zone.
6:13 of 3rd period - Slapshot by Vince Hinostroza.
6:13 of 3rd period - Shot Misses the Net.
6:23 of 3rd period - Jaccob Slavin is hit by Nathan Oystrick and loses puck.
7:33 of 3rd period - Snap shot by Nathan Gerbe.
7:33 of 3rd period - Deflect By Petr Pohl.
7:33 of 3rd period - Shot Blocked by Tomas Kundratek.
7:33 of 3rd period - Puck is out of play.
7:34 of 3rd period - Noel Acciari wins face-off versus Jamie Arniel in Knights zone.
7:40 of 3rd period - Slapshot by Connor Brown.
7:40 of 3rd period - Goal by Connor Brown - Knights : 4 - Griffins : 2.
7:41 of 3rd period - Jamie Arniel wins face-off versus Noel Acciari in neutral zone.
8:02 of 3rd period - Minor Penalty to Josh Bailey for Holding.
8:03 of 3rd period - Noel Acciari wins face-off versus Marko Dano in Knights zone.
10:02 of 3rd period - Penalty to Josh Bailey is over, Josh Bailey is back on ice.
10:16 of 3rd period - Wrist shot by Brendan Gaunce.
10:16 of 3rd period - Stopped by Olivier Roy with a rebound.
10:18 of 3rd period - Snap shot by Brendan Gaunce.
10:18 of 3rd period - Deflect By Nicklas Jensen.
10:18 of 3rd period - Stopped by Olivier Roy without a rebound.
10:19 of 3rd period - Linden Vey wins face-off versus Quinton Howden in Griffins zone.
10:29 of 3rd period - Minor Penalty to Quinton Howden for High sticking.
10:30 of 3rd period - Noel Acciari wins face-off versus Ben Hanowski in Griffins zone.
10:42 of 3rd period - Snap shot by Noel Acciari.
10:42 of 3rd period - Stopped by Olivier Roy with a rebound.
12:29 of 3rd period - Penalty to Quinton Howden is over, Quinton Howden is back on ice.
12:53 of 3rd period - Slapshot by Oscar Klefbom.
12:53 of 3rd period - Shot Blocked by Simon Despres.
12:55 of 3rd period - Wrist shot by Jordan Martinook.
12:55 of 3rd period - Stopped by Olivier Roy with a rebound.
13:06 of 3rd period - Icing by Marko Dano.
13:07 of 3rd period - Brendan Gaunce wins face-off versus Marko Dano in Griffins zone.
13:22 of 3rd period - Snap shot by Marko Dano.
13:22 of 3rd period - Shot Misses the Net.
13:34 of 3rd period - Slapshot by Brendan Gaunce.
13:34 of 3rd period - Stopped by Olivier Roy with a rebound.
13:36 of 3rd period - Snap shot by Brett Connolly.
13:36 of 3rd period - Stopped by Olivier Roy with a rebound.
13:38 of 3rd period - Snap shot by Collin Miller.
13:38 of 3rd period - Deflect By Brett Connolly.
13:38 of 3rd period - Stopped by Olivier Roy with a rebound.
13:40 of 3rd period - Slapshot by Collin Miller.
13:40 of 3rd period - Deflect By Anton Slepyshev.
13:40 of 3rd period - Stopped by Olivier Roy with a rebound.
13:52 of 3rd period - Linden Vey is hit by Tye McGinn and loses puck.
14:17 of 3rd period - J.T. Brown is hit by Noel Acciari and loses puck.
14:37 of 3rd period - Wrist shot by J.T. Brown.
14:37 of 3rd period - Stopped by Ben Scrivens without a rebound.
14:38 of 3rd period - Marko Dano wins face-off versus Boone Jenner in Knights zone.
14:41 of 3rd period - Slapshot by Petr Pohl.
14:41 of 3rd period - Shot Misses the Net.
14:43 of 3rd period - Backhand shot by Marko Dano.
14:43 of 3rd period - Griffins goal is going for a video replay.
14:43 of 3rd period - The goal is refused. The goalkeeper has been pushed into the net together with the puck after making a save..
14:44 of 3rd period - Noel Acciari wins face-off versus Marko Dano in Knights zone.
15:27 of 3rd period - Icing by Keith Seabrook.
15:28 of 3rd period - Quinton Howden wins face-off versus Miro Aaltonen in Griffins zone.
Goals for this period are 0 for Knights vs 1 for Griffins.
Shots for this period are 10 for Knights vs 4 for Griffins.
Back to the Top